 Dungeon Crawl Stone Soup version 0.19-a0-965-g50bf062 (webtiles) character file.

700 4thArraOfDagon the Chopper (level 7, -1/61 HPs)
             Began as a Minotaur Abyssal Knight on July 12, 2016.
             Was a Believer of Lugonu.
             Killed by a spatial distortion (2 damage)
             ... on level 10 of the Dungeon.
             The game lasted 00:07:53 (1418 turns).

4thArraOfDagon the Chopper (MiAK)                   Turns: 1418, Time: 00:07:53

Health: -1/61      AC: 14    Str: 15 (16) XL:     7   Next: 38%
Magic:  9/9        EV:  7    Int: 11      God:    Lugonu [**....]
Gold:   223        SH:  0    Dex:  8 (10) Spells: 0 memorised, 6 levels left

rFire  . . .     SeeInvis .     a - +1 hand axe
rCold  . . .     Gourm    .     q - +0 chain mail
rNeg   . . .     Faith    .     (no shield)
rPois  .         Spirit   .     (helmet restricted)
rElec  .         Dismiss  .     m - +0 cloak
rCorr  .         Reflect  .     g - +1 pair of gloves
SustAt .         Harm     .     b - +0 pair of boots
MR     +....                    (no amulet)
Stlth  ..........               n - -2 ring of slaying (curse)
                                d - ring of protection from magic

@: somewhat resistant to hostile enchantments, extremely unstealthy
A: retaliatory headbutt, horns 2
a: Depart the Abyss, Bend Space, Renounce Religion


You were on level 10 of the Dungeon.
You worshipped Lugonu.
Lugonu was pleased with you.
You were not hungry.

You visited 1 branch of the dungeon, and saw 10 of its levels.
You visited the Abyss 1 time.

You collected 223 gold pieces.

Inventory:

Hand Weapons
 a - a +1 hand axe (weapon)
Armour
 b - a +0 pair of boots (worn)
 e - a +0 scale mail of fire resistance
 g - a +1 pair of gloves (worn)
 m - a +0 cloak (worn)
 q - a +0 chain mail (worn)
Jewellery
 d - a ring of protection from magic (left hand)
 i - an uncursed ring of ice
 k - an uncursed ring of teleportation
 n - a cursed -2 ring of slaying (right hand)
Scrolls
 o - 2 scrolls of teleportation
 u - a scroll of identify
 v - a scroll of noise
Potions
 w - a potion of flight
Books
 s - a book of Geomancy

   Spells                             Type                      Level
   a - Sandblast                      Earth                        1
   b - Passwall                       Transmutation/Earth          2
   c - Stone Arrow                    Conjuration/Earth            3
   d - Petrify                        Transmutation/Earth          4
   e - Lee's Rapid Deconstruction     Earth                        5
Comestibles
 c - 5 bread rations
 f - a beef jerky
 h - 3 meat rations
 j - a chunk of flesh
 l - 3 slices of pizza
 t - 5 fruits


   Skills:
 + Level 5.6 Fighting
 * Level 6.6 Axes
 + Level 4.9 Armour
 - Level 1.1 Dodging
 + Level 4.0 Invocations


You had 6 spell levels left.
You didn't know any spells.

Dungeon Overview and Level Annotations

Branches:
Dungeon (10/15)
 Temple: D:4-7         Lair: D:8-11         Orc: D:9-12

Altars:
Xom

Annotations:
D:3 tstbtto's ghost, amateur MiFi
D:5 tstbtto's ghost, novice MiFi


Innate Abilities, Weirdness & Mutations

You reflexively headbutt those who attack you in melee.
You have a pair of horns on your head.


Message History

Unknown command.
The centaur unwields an uncursed shortbow.
The centaur hits you but does no damage.
Unknown command.
You hit the centaur but do no damage.
You headbutt the centaur, but do no damage.
The centaur hits you!
* * * LOW HITPOINT WARNING * * *
As you read the scroll labeled FOUSCH HOMEGH, it crumbles to dust.
It is a scroll of identify.
v - a scroll of noise The centaur hits you.
* * * LOW HITPOINT WARNING * * *
The centaur barely misses you. You furiously retaliate!
You headbutt the centaur!
Are you sure you want to abandon this character and quit the game? (Confirm with "yes".)
Okay, then.
Unknown command.
Space bends around you!
You blink.
You die...

....##..#
#........
#.......#
#.......#
#.......#
#.......#
#.......#
#.....@.# .
#...)...# ..##
#.......#### .....
#....$......
.....##...........
.........(§c..###
#......(#...#
#...#...#...# #..
#...#...#


You could see a centaur.

Vanquished Creatures
  A sky beast (D:5)
  A necrophage (D:9)
  2 centaurs
  2 giant frogs (D:9)
  A crimson imp (D:9)
  A hound (D:8)
  3 worker ants
  4 adders
  A shadow imp (D:5)
  3 oozes
  A giant gecko (D:2)
  6 orcs
  A ball python (D:3)
  3 bats (D:2)
  8 giant cockroaches
  A hobgoblin (D:3)
  2 quokkas
  A jackal skeleton (D:5)
  A kobold (D:1)
  5 rats
48 creatures vanquished.

Notes
Turn   | Place    | Note
-------+----------+-------------------------------------------
     0 | Abyss:1  | 4thArraOfDagon the Minotaur Abyssal Knight began the quest for the Orb.
     0 | Abyss:1  | Reached XP level 1. HP: 19/19 MP: 1/1
    50 | Abyss:1  | Noticed a quasit
    87 | Abyss:2  | Noticed a chaos spawn
   117 | Abyss:2  | Noticed an orange demon
   120 | Abyss:2  | Noticed a large abomination
   121 | D:1      | Escaped the Abyss
   160 | D:1      | Reached * piety under Lugonu
   189 | D:1      | Found a shimmering altar of Xom.
   193 | D:1      | Reached XP level 2. HP: 19/27 MP: 2/2
   286 | D:2      | Reached skill level 3 in Axes
   401 | D:3      | Noticed tstbtto's ghost (amateur MiFi)
   528 | D:3      | Reached XP level 3. HP: 15/33 MP: 3/3
   695 | D:3      | Reached XP level 4. HP: 22/40 MP: 4/4
   812 | D:4      | Reached skill level 4 in Axes
   823 | D:5      | Entered Level 5 of the Dungeon
   825 | D:5      | Noticed tstbtto's ghost (novice MiFi)
   905 | D:5      | Noticed a sky beast
   937 | D:5      | Killed a sky beast
   937 | D:5      | Reached ** piety under Lugonu
   937 | D:5      | Reached XP level 5. HP: 14/47 MP: 4/6
  1044 | D:4      | Reached skill level 5 in Axes
  1225 | D:6      | Noticed an ice beast
  1246 | D:7      | Noticed a centaur
  1254 | D:7      | Killed a centaur
  1254 | D:7      | Reached XP level 6. HP: 31/55 MP: 7/7
  1326 | D:9      | Reached skill level 5 in Fighting
  1354 | D:9      | Reached skill level 6 in Axes
  1354 | D:9      | Reached XP level 7. HP: 22/61 MP: 8/8
  1408 | D:10     | Entered Level 10 of the Dungeon
  1416 | D:10     | HP: 3/61 [centaur (7)]
  1417 | D:10     | HP: 1/61 [centaur (2)]
  1418 | D:10     | Killed by a spatial distortion

Vault maps used:
D:1:      onia_arrival_larder, minmay_misc_feat_chi, xom_teletrap_fun
D:2:      first_bread, minmay_divided_ellipse
D:4:      grunt_dithmenos_shadows
D:5:      lemuel_ratsnest
D:6:      ashenzari_altar_1
D:8:      kennysheep_mini, lair_0_dummy, grunt_pizzeria
D:9:      serial_shops, nicolae_shop_stone, fedhas_altar_3
D:10:     uniq_snorg
Abyss:1:  evilmike_abyss_exit_vortex
Abyss:2:  evilmike_abyss_exit_6, hangedman_decor_points

Skill      XL: |  1  2  3  4  5  6  7 |
---------------+----------------------+-----
Invocations    | 2 3 4 |  4.0
Axes           | 3 4 5 6 |  6.6
Armour         | 3 4 |  4.9
Fighting       | 4 5 |  5.6
Dodging        | |  1.1

Action                   |  1- 3 |  4- 6 |  7- 9 || total
-------------------------+-------+-------+-------++-------
Melee: Hand axe          |    61 |    81 |    28 ||   170
       Headbutt          |    11 |    18 |     4 ||    33
Invok: Depart the Abyss  |     1 |       |       ||     1
  Use: Scroll            |     3 |     1 |     1 ||     5
       Potion            |     4 |     5 |     1 ||    10
  Eat: Chunk             |       |     2 |       ||     2
Armor: Scale mail        |    78 |     3 |       ||    81
       Chain mail        |       |    56 |    38 ||    94
Dodge: Dodged            |    75 |    38 |    24 ||   137
